Match 43016897
Unlisted

Match 43016897
End
Pioneer Squad
Construct Infanterie Kompanie
MG 42 Machine Gun Team
MG 42 Machine Gun Team
GrW 34 Mortar Team
GrW 34 Mortar Team
Medical Station
MG 42 Bunker
Construct Panzergrenadier Kompanie
Construct Panzer Kompanie
Panzer IV Medium Tank
Panzer IV Medium Tank
Panzer IV Medium Tank
Side Skirts
Panzer IV Medium Tank
Pioneer Squad
Panzer IV Medium Tank
MG 42 Bunker
MG 42 Bunker
Panzer IV Medium Tank
Selects Terror Battlegroup
Selects Interrogate
Selects Propaganda Leaflet Drop
Selects V1 Rocket Strike
Selects Heavy Gunnery
Selects Defend the Fatherland
MG 42 Bunker
Propaganda Leaflet Drop
V1 Rocket Strike
Panzer IV Medium Tank
Propaganda Leaflet Drop
V1 Rocket Strike
Defend the Fatherland
Defend the Fatherland
Propaganda Leaflet Drop
Megapint
645048880
PP
company of heroes 3
Ainike
limbu_pawan
Ozrealix
PenikmatKopi
0
0

Comments sign in to comment!

No comments posted yet!